 Dungeon Crawl Stone Soup version 0.30-a0-629-gd54f4be4f7 (webtiles) character file.

Game seed: 4276161413230922010

128342 kae the Black Belt (level 16, 0/170 HPs)
             Began as a Demonspawn Transmuter on Jan 12, 2023.
             Was an Initiate of Ru.
             Shot with a bolt by a naga sharpshooter (26 damage)
             ... on level 1 of the Snake Pit.
             The game lasted 00:38:09 (27126 turns).

kae the Black Belt (Demonspawn Transmuter)         Turns: 27126, Time: 00:38:10

Health: 0/170      AC: 28    Str: 14    XL:     16   Next: 48%
Magic:  21/26      EV: 23    Int: 19    God:    Ru [......]
Gold:   2700       SH:  0    Dex: 20    Spells: 1/29 levels left

rFire   . . .      SeeInvis .      - Unarmed
rCold   . . .      Faith    .    (no shield)
rNeg    + . .      Spirit   .    (body armour currently unavailable)
rPois   ∞          Reflect  .    c - +2 hat
rElec   +          Harm     .    (cloak unavailable)
rCorr   .          Rampage  .    (gloves currently unavailable)
Will    +....                    (boots currently unavailable) Stlth
                                 g - amulet of regeneration
HPRegen 1.28/turn                E - +5 ring of evasion
MPRegen 0.20/turn                D - +6 ring of dexterity

@: mighty, brilliant, lethally poisoned (0 -> 0), statue-form, wereblooded, very
slightly contaminated, constricted, very slow
A: slow and powerful, torment resistance 1, boosted hp, (thin metallic scales
2), foul stench 3, powered by pain 2, no stealth, weakness stinger 3, no potion
heal 1
a: End Transformation, Renounce Religion, Sacrifice Love, Sacrifice Courage,
Sacrifice Drink, Reject Sacrifices


You were on level 1 of the Snake Pit.
You worshipped Ru.
Ru was noncommittal.
You were a living statue of rough stone.
You visited 5 branches of the dungeon, and saw 24 of its levels.
You also visited: Sewer, Ossuary and Ice Cave.

You collected 4032 gold pieces.
You spent 1332 gold pieces at shops.


Innate Abilities, Weirdness & Mutations

You are a living statue of rough stone.
Your actions are slow, but your melee attacks are powerful.
You are resistant to unholy torment.
Your maximum health is greatly increased.
You are immune to poison.
Your equipment is partially melded.
((You are mostly covered in thin metallic scales. (AC +3)))
You frequently emit foul miasma when damaged in melee.
You sometimes gain power by taking damage.
You cannot be stealthy.
You have a sharp stinger which inflicts weakening toxins.
Potions are less effective at restoring your health.


   Skills:
 - Level 13.4 Fighting
 - Level 12.5 Dodging
 + Level 15.8 Unarmed Combat
 + Level 7.0 Spellcasting
 * Level 12.2 Transmutations
 - Level 7.0 Ice Magic
 + Level 2.5 Earth Magic
 - Level 2.0 Poison Magic


You had one spell level left.
You knew the following spells:

 Your Spells              Type           Power      Damage    Failure   Level
a - Beastly Appendage     Tmut           100%       N/A       1%          1
b - Wereblood             Tmut           68%        N/A       1%          2
c - Spider Form           Tmut/Pois      50%        N/A       1%          3
d - Ice Form              Ice/Tmut       60%        N/A       1%          4
e - Blade Hands           Tmut           34%        N/A       1%          5
f - Dragon Form           Tmut           34%        N/A       50%         7
g - Statue Form           Tmut/Erth      34%        N/A       58%         6

Your spell library contained the following spells:

 Spells                   Type           Power      Damage    Failure   Level
 Slow                     Hex            40%        N/A       10%         1
 Summon Small Mammal      Summ           40%        N/A       10%         1
 Ignite Poison            Fire/Tmut/Pois 37%        N/A       4%          3
 Hailstorm                Conj/Ice       30%        3d8       7%          3
 Blink                    Tloc           20%        N/A       16%         2
 Scorch                   Fire           20%        2d6       16%         2
 Irradiate                Conj/Tmut      22%        3d19      22%         5
 Call Canine Familiar     Summ           10%        N/A       30%         3
 Confusing Touch          Hex            10%        N/A       30%         3
 Kindle Blastsparks       Fire/Tloc/Air  20%        2d11      30%         3
 Summon Guardian Golem    Hex/Summ       10%        N/A       30%         3
 Vampiric Draining        Necr           10%        2d6       30%         3
 Animate Armour           Summ/Erth      34%        N/A       52%         4
 Leda's Liquefaction      Hex/Erth       8%         N/A       52%         4
 Lee's Rapid Deconstruct  Erth           12%        3d8*      67%         5
 Anguish                  Hex/Necr       5%         N/A       69%         4
 Flame Wave               Conj/Fire      10%        2d6       69%         4
 Manifold Assault         Tloc           10%        N/A       69%         4
 Freezing Cloud           Conj/Ice/Air   11%        6-21      71%         5
 Simulacrum               Ice/Necr       15%        N/A       98%         6
 Iron Shot                Conj/Erth      8%         9d3       100%        6
 Summon Cactus Giant      Summ           5%         N/A       100%        6
 Enfeeble                 Hex            5%         N/A       100%        7
 Storm Form               Tmut/Air       22%        N/A       100%        7

Inventory:

Armour
 a - +0 ice dragon scales
   (You found it in an ice cave)
 c - a +2 hat (worn)
   (You found it on level 2 of the Lair of Beasts)
 V - a +0 troll leather armour (melded)
   (You found it on level 12 of the Dungeon)
 Y - the +1 robe of Toeczoekk {+Blink rN+ Will+++ Str-4}
   (You found it on level 2 of the Lair of Beasts)

   Str:       It affects your strength (-4).
   rN:        It protects you from negative energy.
   +Blink:    It lets you blink.
   Will:      It greatly increases your willpower.
Magical Staves
 p - a staff of death {!a}
   (You found it on level 3 of the Dungeon)
 S - a staff of earth {!a}
   (You found it on level 10 of the Dungeon)
 X - a staff of fire {!a}
   (You found it on level 12 of the Dungeon)
Jewellery
 f - a ring of protection from fire
   (You found it on level 1 of the Lair of Beasts)
 g - an amulet of regeneration (around neck)
   (You found it on level 8 of the Dungeon)
 C - a ring of ice
   (You found it on level 4 of the Dungeon)
 D - a +6 ring of dexterity (right fist)
   (You found it on level 2 of the Lair of Beasts)
 E - a +5 ring of evasion (left fist)
   (You found it on level 1 of the Dungeon)
 F - a ring of fire
   (You found it on level 8 of the Dungeon)
 G - an amulet of guardian spirit
   (You found it in an ossuary)
 I - a +6 ring of intelligence
   (You found it on level 3 of the Dungeon)
 R - a ring of resist corrosion
   (You found it on level 6 of the Dungeon)
 Z - a ring of wizardry
   (You found it on level 10 of the Dungeon)
Wands
 i - a wand of digging (8)
   (You found it on level 13 of the Dungeon)
 y - a wand of paralysis (35)
   (You found it on level 7 of the Dungeon)
 J - a wand of flame (26)
   (You found it on level 1 of the Lair of Beasts)
 K - a wand of acid (3)
   (You found it on level 5 of the Lair of Beasts)
 L - a wand of iceblast (12)
   (You found it on level 8 of the Dungeon)
 O - a wand of mindburst (37)
   (You found it on level 7 of the Dungeon)
Scrolls
 d - 4 scrolls of vulnerability {!r!r}
 m - 6 scrolls of teleportation {@r4}
 n - 9 scrolls of amnesia
 s - a scroll of blinking {!r}
 x - 4 scrolls of fear
 B - 5 scrolls of fog
 H - 3 scrolls of enchant weapon
 N - a scroll of enchant armour
 P - 5 scrolls of poison {!r}
 Q - a scroll of torment {!r}
 U - 2 scrolls of silence {!r}
 W - a scroll of summoning
Potions
 b - 4 potions of lignification {!q}
 e - 7 potions of mutation {!q}
 h - 5 potions of might
 j - 14 potions of curing {@q1}
 k - 6 potions of attraction {!q}
 l - 8 potions of resistance
 q - 3 potions of magic
 r - 4 potions of ambrosia
 t - 2 potions of berserk rage {!q}
 u - 4 potions of heal wounds {@q2}
 v - 2 potions of flight
 w - 2 potions of haste {@q3}
 z - 2 potions of brilliance
 A - a potion of cancellation
 M - a potion of invisibility
Miscellaneous
 o - a condenser vane
   (You found it on level 1 of the Lair of Beasts)
 T - a lightning rod (4/4)
   (You found it on level 2 of the Lair of Beasts)

Dungeon Overview and Level Annotations

Branches:
Dungeon (15/15) Zot: 25651  Temple (1/1) D:7 Zot: 5869    Lair (5/5) D:10 Zot: 23349
 Shoals (0/4) Lair:2        Snake (1/4) Lair:3 Zot: 5573   Slime (0/5) Lair:4
    Orc (2/2) D:10 Zot: 10722     Elf (0/3) Orc:2        Vaults (0/5) D:13
 Depths (0/4) D:15          Sewer (visited)         Ossuary (visited)
  IceCv (visited)

Altars:
Ashenzari
Cheibriados
Dithmenos
Fedhas
Gozag
Hepliaklqana
Kikubaaqudgha
Makhleb
Nemelex Xobeh
Okawaru
Qazlal
Ru
Sif Muna
Trog
Uskayaw
Vehumet
Wu Jian
Xom
Yredelemnul
Jiyva

Shops:
D:3 [   D:8 (   D:9 [   D:14 *   Orc:1 !   Orc:2 =:*:

Portals:
Trove: D:11 (give +3 shadow dragon scales)

Annotations:
Lair:2 1 runed translucent door, eyesofgods1's ghost, journeyman DsCj

......#..#. ~~
##.....#....
♣..####
.#....#####.
..#..# .
#....#...#. .....
.# ###.##.###.
.NN##.# #...#.....
NNN..####.....^.#.
#NN###.....^##..##
#8##.#.......#...#
#....###.###.#####
###..........# #
#...........#.##
....##......###
...............#
......#........#
......#........#
......##.......##


You could see a naga warrior (poisoned), 3 naga sharpshooters, a naga ritualist,
a naga mage (fast, strong) and a naga (curare).


Message History

The naga ritualist invokes the aid of its god against you.
You resist with some effort.
The naga sharpshooter mumbles some strange words.
The naga sharpshooter casts a spell.
The naga sharpshooter magically shoots a bolt.
The bolt hits you but does no damage. 😮 HP[+2]
You regained 2 hp, and now have 91/170 hp.
Unknown command.
You pummel the naga sharpshooter!! You tail-slap the naga sharpshooter!
The naga sharpshooter no longer looks unusually strong.
The naga mage casts a spell at the naga.
The naga seems to grow toxic.
The naga sharpshooter mumbles some strange words.
The naga sharpshooter magically shoots a bolt.
The bolt barely misses you.
The naga warrior roars a battlecry!
The naga sharpshooter goes into a battle-frenzy! 😮 HP[+1]
You barely miss the naga warrior.
You revert to your normal fleshy form.
Your +0 troll leather armour unmelds from your body.
The naga sharpshooter no longer looks unusually strong.
The naga mage casts a spell at the naga sharpshooter.
The naga sharpshooter seems to grow toxic.
The naga sharpshooter spits poison at you.
The splash of poison hits you!
You are poisoned.
* * * LOW HITPOINT WARNING * * *
The naga warrior spits poison at you. The splash of poison misses you.
The naga mage casts a spell.
The naga mage seems to speed up.
You pummel the naga sharpshooter!!
You feel a bit better.
You kill the naga sharpshooter!
You feel sick. The naga warrior spits poison at you.
The splash of poison hits you!
You are more poisoned.
* * * LOW HITPOINT WARNING * * *
😨 HP[-40]
You now have 131 max hp (-39).
You take 40 damage, and now have 52/131 hp.
MASSIVE DAMAGE!! (PAUSE)
Casting: Wereblood (safe; 1% risk of failure)
Confirm with . or Enter, or press ? or * to list all spells.
The spell is quite dangerous to miscast (67% risk of failure)!
Continue anyway?
You feel a surge of power!
You miscast Statue Form.
You are very lightly contaminated with residual magic.
Your body is flooded with distortional energies.
You feel sick.
The naga ritualist no longer looks unusually strong.
The naga warrior hits you with a +0 scimitar!!
* * * LOW HITPOINT WARNING * * *
You focus on the pain.
You feel mightier all of a sudden.
The naga warrior completely misses you. 😨 HP[-19] MP[-3]
You take 19 damage, and now have 33/131 hp.
You lost 3 mp, and now have 23/26 mp.
Unknown command.
Casting: Statue Form (quite dangerous; 67% risk of failure)
Confirm with . or Enter, or press ? or * to list all spells.
The spell is quite dangerous to miscast (67% risk of failure)!
Continue anyway?
You feel a surge of power!
You turn into a living statue of rough stone.
Your +0 troll leather armour melds into your body.
The naga sharpshooter shoots an arrow.
The arrow hits you but does no damage.
The naga warrior hits you with a +0 scimitar!
* * * LOW HITPOINT WARNING * * *
You emit a cloud of foul miasma!
The naga warrior completely misses you. 😱 HP[+4] MP[-2]
You now have 170 max hp (+39).
You regained 4 hp, and now have 37/170 hp.
You lost 2 mp, and now have 21/26 mp.
Unknown command.
You punch the naga warrior!
The naga sharpshooter gestures wildly while chanting.
The naga sharpshooter magically shoots a bolt.
The bolt hits you.
* * * LOW HITPOINT WARNING * * *
The naga sharpshooter casts a spell.
The naga sharpshooter magically shoots an arrow.
The arrow barely misses you.
The naga warrior is engulfed in dark miasma.
The naga warrior is poisoned.
The naga warrior seems to slow down.
The naga warrior completely misses you. The naga warrior grabs you.
The naga warrior constricts you!
* * * LOW HITPOINT WARNING * * *
😱 HP[-12]
You take 12 damage, and now have 25/170 hp.
You hit the naga warrior but do no damage.
The naga warrior is no longer moving slowly.
The naga ritualist misses you.
The naga sharpshooter gestures wildly while chanting.
The naga sharpshooter magically shoots a bolt.
The bolt hits you!!
You die...

Skill      XL: |  1  2  3  4  5  6  7  8  9 10 11 12 13 14 15 16 |
---------------+-------------------------------------------------+-----
Transmutations | 2 3 4 5 6 7 8 10 11 12 | 12.2
Unarmed Combat | 3 4 5 6 7 8 10 12 14 15 | 15.8
Poison Magic   | 2 |  2.0
Spellcasting   | 3 4 5 6 7 |  7.0
Ice Magic      | 1 3 5 6 7 |  7.0
Dodging        | 5 8 9 10 11 12 | 12.5
Fighting       | 5 8 10 11 12 13 | 13.4
Earth Magic    | 2 |  2.5

Action                   |  1- 3 |  4- 6 |  7- 9 | 10-12 | 13-15 | 16-18 || total
-------------------------+-------+-------+-------+-------+-------+-------++-------
Melee: Unarmed           |    84 |   119 |   280 |   605 |  1027 |   200 ||  2315
       Kick              |    16 |     5 |       |       |       |     3 ||    24
       Headbutt          |    10 |     1 |       |       |       |     4 ||    15
       Tailslap          |     7 |     3 |     1 |    48 |   229 |    34 ||   322
       Punch             |     2 |     1 |       |    15 |    90 |    23 ||   131
 Cast: Beastly Appendage |    19 |     6 |       |     4 |     1 |     2 ||    32
       Spider Form       |     2 |    11 |     4 |       |       |       ||    17
       Ice Form          |       |     3 |    21 |    42 |     8 |       ||    74
       Wereblood         |       |     1 |     9 |    19 |    23 |     5 ||    57
       Blade Hands       |       |       |       |    20 |    94 |    18 ||   132
       Statue Form       |       |       |       |       |       |     2 ||     2
Invok: Sacrifice Stealth |       |       |       |     1 |       |       ||     1
       Reject Sacrifices |       |       |       |     1 |     1 |       ||     2
Evoke: Wand              |       |       |       |       |     1 |       ||     1
  Use: Scroll            |     2 |     5 |    13 |     9 |     5 |     2 ||    36
       Potion            |       |       |       |     1 |     3 |     2 ||     6
 Stab: Sleeping          |     1 |       |       |       |       |       ||     1
       Paralysed         |       |       |       |       |     5 |       ||     5
Armor: Robe              |    16 |     7 |     1 |    21 |       |       ||    45
       Skin              |     4 |    18 |    77 |    99 |    11 |    21 ||   230
       Troll leather arm |       |       |       |    14 |   148 |    14 ||   176
Dodge: Dodged            |    67 |    86 |   198 |   585 |  1029 |   253 ||  2218

Levels and vault maps discovered:
D:1:      lemuel_arrival_muddy, layout_basic
D:2:      layout_basic, glass_columns_b, minmay_pentomino_u2, uniq_natasha,
          uniq_sigmund, uniq_robin
D:3:      layout_basic, serial_shops, shop, patterned_corridor, uniq_terence,
          uniq_jessica
D:4:      layout_rooms, mainiacjoe_overflow_alcove_1, uniq_ijyb, uniq_edmund
D:5:      layout_basic, enter_ossuary_3, portal_sewer_entry_f,
          minmay_misc_feat_secret_circle
D:6:      layout_cave_pools, uniq_blork_the_orc
D:7:      layout_layer_cave, minmay_temple_entry_poolview, nicolae_titane,
          uniq_menkaure
D:8:      layout_loops_ring, serial_shops, shop
D:9:      layout_long_grid, lemuel_crystal_altar, nicolae_shop_dragon_depot
D:10:     minmay_distorted_concentric_squares, layout_basic, vehumet_crystals,
          old_standard_altar, david_orc_2, special_room [special_room_orc]
D:11:     layout_roguey [special_room_orc], trove_entry_hex_spiral,
          hangedman_decor_riveting
D:12:     layout_roguey, uniq_lodul
D:13:     layout_stronghold, lightli_vaults_fourway_checkpoint,
          gauntlet_entry_generic, serial_ice, serial_ice_l, serial_ice_o,
          serial_ice_m, serial_ice_f, chequers_serial_rivers_large_a,
          hangedman_decor_clover_reticule
D:14:     layout_big_octagon, serial_shops, nicolae_shop_trees, grunt_decor_cap,
          minmay_misc_feat_alley, nicolae_concentric_dashed_squares_wild
D:15:     hangedman_depths_entry_civil_slaughter, layout_loops_corners,
          minmay_misc_feat_encased, led_xom_imps
Temple:   compressed_dpeg_circular_temple
Lair:1:   layout_roguey, serial_bayou_lake_a, grunt_megastairs_5
Lair:2:   layout_regular_city, shoals_dummy_entry, ebering_ghost_funeral_grove,
          st_stairs_8, grunt_megastairs_1, uniq_urug
Lair:3:   layout_regular_city, nicolae_snake_entry_squirm, beast_lair_carwin_5,
          grunt_megastairs_3
Lair:4:   layout_hall_layers, minmay_slime_entry_jelly_boxes,
          portal_ice_cave_demonic_guard, hangedman_tree_tricks,
          serial_bayou_shore_a, uniq_nessos
Lair:5:   minmay_lair_end_enchanted_forest, layout_regular_city,
          minmay_stone_trees_small, infiniplex_staircase_pool_2,
          grunt_megastairs_4
Snake:1:  layout_honeycomb, serial_bayou, serial_bayou_lagoon_a,
          serial_bayou_ford_a, serial_bayou_crossing, serial_bayou_pond_a,
          ebering_ghost_inner_flame, uniq_aizul
Orc:1:    layout_diamond_mine, serial_shops, shop, mines2_david
Orc:2:    st_orc_open, layout_caves, basic_altar, mines1_david, uniq_snorg,
          uniq_saint_roka

Notes
Turn   | Place    | Note
-------+----------+-------------------------------------------
     0 | D:1      | kae the Demonspawn Transmuter began the quest for the Orb.
     0 | D:1      | Reached XP level 1. HP: 15/15 MP: 3/3
     0 | D:1      | magus.rc [v1.11.3]
    70 | D:1      | Reached skill level 2 in Transmutations
   105 | D:1      | Gained mutation: You have a small tail. [demonic ancestry]
   105 | D:1      | Reached XP level 2. HP: 21/21 MP: 3/5
   487 | D:1      | Reached skill level 3 in Unarmed Combat
   928 | D:2      | Gained mutation: You may rarely emit foul miasma when
                  | damaged in melee. [demonic ancestry]
   928 | D:2      | Reached XP level 3. HP: 21/26 MP: 4/6
   931 | D:2      | Learned a level 2 spell: Wereblood
   935 | D:2      | Learned a level 3 spell: Spider Form
  1056 | D:2      | Noticed Robin
  1280 | D:2      | HP: 4/26 [Robin/+0 whip (4)]
  1282 | D:2      | Killed Robin
  1396 | D:2      | Reached XP level 4. HP: 29/32 MP: 5/7
  1485 | D:2      | Reached skill level 1 in Poison Magic
  1534 | D:2      | Reached skill level 3 in Transmutations
  1688 | D:2      | You pick up a book of Scorching and begin reading...
  1688 | D:2      | You add the spells Scorch, Flame Wave and Summon Cactus
                  | Giant to your library.
  1762 | D:2      | Identified the +5 dagger of Fumn {heavy, Str+4 Int+2}
  1817 | D:2      | Noticed Sigmund
  1827 | D:2      | Killed Sigmund
  1828 | D:2      | Reached skill level 3 in Spellcasting
  1828 | D:2      | Reached skill level 2 in Poison Magic
  1828 | D:2      | Gained mutation: You are partially covered in thin metallic
                  | scales. (AC +2) [demonic ancestry]
  1828 | D:2      | Reached XP level 5. HP: 35/37 MP: 4/10
  1898 | D:2      | Noticed Natasha
  1905 | D:2      | Learned a level 4 spell: Ice Form
  1910 | D:2      | Killed Natasha
  2152 | D:2      | Noticed Natasha
  2169 | D:2      | Killed Natasha
  2170 | D:2      | Reached XP level 6. HP: 43/43 MP: 8/11
  2685 | D:2      | Noticed Natasha
  2695 | D:2      | Killed Natasha
  3050 | D:3      | Found Qiukhliung's Antique Armour Emporium.
  3093 | D:3      | Noticed Terence
  3101 | D:3      | Killed Terence
  3102 | D:3      | Reached skill level 4 in Transmutations
  3321 | D:3      | Noticed Jessica
  3332 | D:3      | Killed Jessica
  3333 | D:3      | Reached skill level 1 in Ice Magic
  3420 | D:3      | Identified the +1 flail "Goblinbane" {holy, *Noise +Blink
                  | rN+++ Dex+4}
  4367 | D:4      | Noticed Ijyb
  4367 | D:4      | Found an ancient bone altar of Kikubaaqudgha.
  4372 | D:4      | Paralysed by Ijyb for 4 turns
  4380 | D:3      | Paralysed by Ijyb for 5 turns
  4405 | D:3      | Killed Ijyb
  4456 | D:4      | You pick up a book of Callings and begin reading...
  4456 | D:4      | You add the spells Summon Small Mammal, Call Canine
                  | Familiar and Summon Guardian Golem to your library.
  4480 | D:4      | You pick up a book of the Tundra and begin reading...
  4480 | D:4      | You add the spells Hailstorm and Simulacrum to your
                  | library.
  4502 | D:4      | Gained mutation: You are mostly covered in thin metallic
                  | scales. (AC +3) [demonic ancestry]
  4502 | D:4      | Reached XP level 7. HP: 30/48 MP: 2/12
  4590 | D:4      | You pick up a book of Debilitation and begin reading...
  4590 | D:4      | You add the spells Slow, Vampiric Draining and Confusing
                  | Touch to your library.
  4621 | D:4      | Reached skill level 2 in Ice Magic
  4660 | D:4      | Noticed Edmund
  4672 | D:4      | Killed Edmund
  4673 | D:4      | Reached skill level 4 in Unarmed Combat
  5054 | D:5      | Entered Level 5 of the Dungeon
  5118 | D:5      | Reached skill level 4 in Spellcasting
  5181 | D:5      | Reached skill level 5 in Transmutations
  5205 | D:5      | Found a sand-covered staircase.
  5216 | Ossuary  | Entered an ossuary
  5230 | Ossuary  | Reached skill level 3 in Ice Magic
  5292 | Ossuary  | Gained mutation: You sometimes emit foul miasma when
                  | damaged in melee. [demonic ancestry]
  5292 | Ossuary  | Reached XP level 8. HP: 54/54 MP: 11/14
  5350 | Ossuary  | Reached skill level 4 in Ice Magic
  5393 | Ossuary  | Reached skill level 6 in Transmutations
  5491 | D:5      | Found a glowing drain.
  5510 | Sewer    | Entered a sewer
  5882 | D:5      | Reached skill level 5 in Unarmed Combat
  6284 | D:5      | Reached skill level 5 in Spellcasting
  6284 | D:5      | Reached skill level 5 in Ice Magic
  6286 | D:5      | Gained mutation: You sometimes gain a little power by
                  | taking damage. [demonic ancestry]
  6286 | D:5      | Reached XP level 9. HP: 59/59 MP: 9/16
  6366 | D:5      | Reached skill level 7 in Transmutations
  6491 | D:5      | You add the spells Kindle Blastsparks, Ignite Poison and
                  | Freezing Cloud to your library.
  6650 | D:6      | Noticed Blork the orc
  6680 | D:6      | Reached skill level 6 in Ice Magic
  6684 | D:6      | Killed Blork the orc
  7473 | D:7      | Noticed a cyclops
  7484 | D:7      | Killed a cyclops
  7485 | D:7      | Reached skill level 6 in Unarmed Combat
  7711 | D:7      | Reached skill level 6 in Spellcasting
  7825 | D:7      | Gained mutation: You sometimes gain power by taking damage.
                  | [demonic ancestry]
  7825 | D:7      | Reached XP level 10. HP: 65/65 MP: 14/19
  7830 | D:7      | Reached skill level 8 in Transmutations
  8027 | D:7      | Noticed Menkaure
  8038 | D:7      | Killed Menkaure
  8039 | D:7      | Reached skill level 7 in Ice Magic
  8529 | D:7      | You pick up a book of Iron and begin reading...
  8529 | D:7      | You add the spells Animate Armour, Blade Hands and Iron
                  | Shot to your library.
  8680 | D:7      | Found a staircase to the Ecumenical Temple.
  9034 | Temple   | Entered the Ecumenical Temple
  9217 | D:8      | Reached skill level 7 in Unarmed Combat
  9285 | D:8      | Found Xav Alla's Weapon Shoppe.
  9428 | D:8      | Reached skill level 2 in Dodging
  9557 | D:8      | Reached skill level 2 in Fighting
  9642 | D:8      | Reached skill level 3 in Dodging
  9757 | D:8      | Reached skill level 3 in Fighting
  9776 | D:8      | Reached skill level 4 in Fighting
  9776 | D:8      | Reached skill level 4 in Dodging
 10405 | D:9      | Found Tishpak's Dragon-Slaying Spoils.
 10513 | D:9      | Reached skill level 5 in Fighting
 10571 | D:9      | Reached skill level 5 in Dodging
 10675 | D:9      | Found a sacrificial altar of Ru.
 10876 | D:9      | Became a worshipper of Ru the Awakened
 10881 | D:10     | Entered Level 10 of the Dungeon
 10884 | D:10     | Found a staircase to the Orcish Mines.
 11081 | D:10     | Found a staircase to the Lair.
 11106 | D:10     | Gained mutation: You have a tail ending in a sharp stinger.
                  | [demonic ancestry]
 11106 | D:10     | Reached XP level 11. HP: 81/81 MP: 16/20
 11287 | D:10     | Reached skill level 6 in Fighting
 11375 | D:10     | Found a shimmering blue altar of Sif Muna.
 11447 | D:10     | Noticed a centaur warrior
 11452 | D:10     | Killed a centaur warrior
 11453 | D:10     | Reached skill level 6 in Dodging
 11595 | D:10     | You fall into a shaft and drop 3 floors!
 11615 | D:13     | Reached skill level 7 in Fighting
 11650 | D:13     | Gained mutation: You cannot be stealthy. [Ru sacrifice]
 11662 | D:13     | Noticed a red ugly thing
 11669 | D:13     | Killed a red ugly thing
 11670 | D:13     | Reached skill level 7 in Dodging
 11828 | D:13     | Noticed a seven-headed hydra
 11839 | D:13     | Killed a seven-headed hydra
 11840 | D:13     | Reached skill level 8 in Fighting
 11926 | D:13     | Noticed a centaur warrior
 11937 | D:13     | Killed a centaur warrior
 12443 | D:12     | Noticed a boulder beetle
 12474 | D:11     | Reached skill level 8 in Dodging
 12497 | D:11     | Noticed a two-headed ogre
 12508 | D:11     | Killed a two-headed ogre
 12597 | D:10     | Found a radiant altar of Vehumet.
 12756 | D:10     | Learned a level 5 spell: Blade Hands
 12782 | D:11     | Noticed a two-headed ogre
 12791 | D:11     | Killed a two-headed ogre
 12792 | D:11     | Reached skill level 8 in Unarmed Combat
 12792 | D:11     | Gained mutation: You have a sharp stinger which inflicts
                  | weakening toxins. [demonic ancestry]
 12792 | D:11     | Reached XP level 12. HP: 67/94 MP: 17/21
 12965 | D:11     | Found a portal to a secret trove of treasure.
 13093 | D:11     | HP: 17/94 [acid dragon/splash of acid (19)]
 13282 | D:11     | Reached skill level 9 in Fighting
 13605 | D:11     | This trove needs +3 shadow dragon scales to function. Give
                  | it the item?
 13917 | D:12     | Killed a boulder beetle
 13983 | D:12     | Noticed Lodul
 14000 | D:12     | Killed Lodul
 14001 | D:12     | Reached skill level 9 in Unarmed Combat
 14266 | D:12     | Noticed a two-headed ogre
 14272 | D:12     | Killed a two-headed ogre
 14709 | Lair:1   | Entered Level 1 of the Lair of Beasts
 14780 | Lair:1   | Reached skill level 9 in Dodging
 15198 | Lair:1   | Reached skill level 10 in Unarmed Combat
 15318 | Lair:1   | Found the +10 morningstar "Eos" {elec, Halo rElec}
 15375 | Lair:1   | Noticed a death yak
 15376 | Lair:1   | Noticed a death yak
 15385 | Lair:1   | Killed a death yak
 15386 | Lair:1   | Reached skill level 10 in Fighting
 15390 | Lair:1   | Killed a death yak
 15948 | Lair:2   | Noticed Urug
 15956 | Lair:2   | Killed Urug
 15958 | Lair:2   | a +0 double sword of flaming {rare}; a +0 chain mail
 15961 | Lair:2   | a +0 double sword of flaming {rare}; a +0 chain mail
 16021 | Lair:2   | Reached XP level 13. HP: 103/103 MP: 16/22
 16093 | Lair:2   | Found a staircase to the Shoals.
 16169 | Lair:2   | HP: 26/104 [komodo dragon (21)]
 16177 | Lair:2   | Reached skill level 11 in Unarmed Combat
 16301 | Lair:2   | Identified the +1 robe of Toeczoekk {+Blink rN+ Will+++
                  | Str-4}
 16326 | Lair:2   | Found a runed translucent door.
 16370 | Lair:2   | Gained mutation: Potions are less effective at restoring
                  | your health. [mutagenic glow]
 16757 | Lair:2   | Noticed eyesofgods1's ghost (journeyman DsCj)
 16758 | Lair:2   | Identified the +5 spear "Gapoe" {flame, rC+}
 17084 | Lair:3   | HP: 26/104 [blink frog (13)]
 17087 | Lair:3   | Reached skill level 10 in Dodging
 17090 | Lair:3   | HP: 18/104 [blink frog (17)]
 17099 | Lair:3   | HP: 22/104 [blink frog (15)]
 17656 | Lair:3   | Reached skill level 11 in Fighting
 17768 | Lair:3   | Found a staircase to the Snake Pit.
 17970 | Lair:3   | Reached skill level 12 in Unarmed Combat
 18422 | Lair:4   | Noticed Nessos
 18433 | Lair:4   | Found a staircase to the Slime Pits.
 18444 | Lair:4   | Identified a scroll of acquirement
 18444 | Lair:4   | Acquired 803 gold pieces
 18446 | Lair:4   | Found a viscous altar of Jiyva.
 18606 | Lair:4   | Found a blossoming altar of Fedhas.
 18708 | Lair:4   | Killed Nessos
 18709 | Lair:4   | Gained mutation: You frequently emit foul miasma when
                  | damaged in melee. [demonic ancestry]
 18709 | Lair:4   | Reached XP level 14. HP: 42/113 MP: 23/23
 18754 | Lair:4   | Found a frozen archway.
 18774 | IceCv    | Entered an ice cave
 18918 | IceCv    | Reached skill level 9 in Transmutations
 19462 | IceCv    | Reached skill level 13 in Unarmed Combat
 19469 | IceCv    | Reached skill level 11 in Dodging
 19490 | IceCv    | Identified the +7 spear of the Horn {flame, rPois rC+
                  | Int+2}
 19496 | IceCv    | You pick up a book of the Tundra and begin reading...
 19507 | IceCv    | Identified the +2 flail of Leunt {drain, rPois rF+ rC+}
 20503 | Lair:5   | Entered Level 5 of the Lair of Beasts
 20530 | Lair:4   | Reached skill level 12 in Fighting
 20972 | Lair:5   | Paralysed by a hornet for 1 turns
 21137 | Lair:5   | Identified the +3 hand axe "Xoaposh" {flame, rF+ Int+5}
 21175 | Lair:5   | Reached skill level 10 in Transmutations
 21802 | Lair:5   | You pick up a book of Debilitation and begin reading...
 22150 | D:13     | Reached skill level 14 in Unarmed Combat
 22366 | D:13     | Found a gate to the Vaults.
 22382 | D:13     | Reached XP level 15. HP: 73/122 MP: 16/24
 22387 | D:13     | HP: 30/122 [vault guard/+0 great sword (31)]
 22388 | D:13     | HP: 3/122 [vault guard/+0 great sword (15)]
 23121 | D:14     | HP: 26/122 [white ugly thing (18)]
 23407 | D:14     | Found Loamean's Assorted Antiques.
 23582 | D:15     | Entered Level 15 of the Dungeon
 23646 | D:15     | HP: 20/122 [red ugly thing (18)]
 23647 | D:15     | HP: 5/122 [red ugly thing (21)]
 23660 | D:15     | HP: 19/122 [efreet/fireball (25)]
 23747 | D:15     | Reached skill level 12 in Dodging
 24018 | D:15     | Found a staircase to the Depths.
 24026 | D:15     | Reached skill level 13 in Fighting
 24044 | D:15     | Paralysed by something for 5 turns
 24046 | D:15     | HP: 28/123 [two-headed ogre/+0 giant club (11)]
 24056 | D:15     | HP: 21/123 [two-headed ogre/+0 giant spiked club (9)]
 24376 | D:15     | Reached skill level 15 in Unarmed Combat
 24448 | D:15     | Found a shimmering altar of Xom.
 24676 | D:15     | You pick up a book of Maledictions and begin reading...
 24676 | D:15     | You add the spells Anguish and Enfeeble to your library.
 24940 | Orc:1    | Entered Level 1 of the Orcish Mines
 24940 | Orc:1    | Found Wuyhixearr's Distillery.
 25004 | Orc:2    | Entered Level 2 of the Orcish Mines
 25012 | Orc:2    | Noticed Snorg
 25021 | Orc:2    | Killed Snorg
 25089 | Orc:2    | Found a staircase to the Elven Halls.
 25290 | Orc:2    | Reached skill level 11 in Transmutations
 25300 | Orc:2    | HP: 29/124 [two-headed ogre/+0 giant club (26)]
 25309 | Orc:2    | HP: 26/124 [ogre/+0 giant club (16)]
 25391 | Orc:2    | Found Plog's Jewellery Shop.
 25392 | Orc:2    | Found Animeq's Book Boutique.
 25397 | Orc:2    | Found Imnohusy's General Store.
 25423 | Orc:2    | Reached XP level 16. HP: 131/131 MP: 20/25
 25423 | Orc:2    | Bought a book of Transfigurations for 520 gold pieces
 25423 | Orc:2    | You pick up a book of Transfigurations and begin reading...
 25423 | Orc:2    | You add the spells Irradiate and Dragon Form to your
                  | library.
 25423 | Orc:2    | Bought an Inescapable Atlas for 416 gold pieces
 25423 | Orc:2    | You add the spells Blink, Manifold Assault and Storm Form
                  | to your library.
 25432 | Orc:2    | Learned a level 7 spell: Dragon Form
 25448 | Orc:2    | Found Baush's Book Shop.
 25458 | Orc:2    | Bought a book of the Earth for 396 gold pieces
 25458 | Orc:2    | You pick up a book of the Earth and begin reading...
 25458 | Orc:2    | You add the spells Leda's Liquefaction, Lee's Rapid
                  | Deconstruction and Statue Form to your library.
 25484 | Orc:2    | Noticed Saint Roka
 25505 | Orc:2    | Killed Saint Roka
 25507 | Orc:2    | HP: 30/131 [orc warrior/+0 glaive[Saint Roka] (14)]
 26379 | Snake:1  | Entered Level 1 of the Snake Pit
 26586 | Snake:1  | HP: 14/131 [shock serpent/bolt of electricity (19)]
 26591 | Snake:1  | HP: 18/131 [poisoned by a naga (splash of poison)]
 26662 | Snake:1  | Learned a level 6 spell: Statue Form
 26702 | Snake:1  | Reached skill level 1 in Earth Magic
 26707 | Snake:1  | HP: 28/131 [poisoned by a naga ritualist (toxic radiance)]
 26712 | Snake:1  | HP: 16/131 [poisoned by a naga ritualist (toxic radiance)]
 26717 | Lair:3   | HP: 21/131 [poisoned by a naga ritualist (toxic radiance)]
 26841 | Snake:1  | Reached skill level 12 in Transmutations
 26849 | Snake:1  | Reached skill level 2 in Earth Magic
 27091 | Snake:1  | Noticed Aizul
 27105 | Snake:1  | Killed Aizul
 27110 | Snake:1  | Reached skill level 7 in Spellcasting
 27124 | Snake:1  | HP: 37/170 [naga warrior/+0 scimitar (8)]
 27126 | Snake:1  | Shot with a bolt by a naga sharpshooter

Vanquished Creatures
  Saint Roka (Orc:2)
  Aizul (Snake:1)
  Nessos (Lair:4)
  Snorg (Orc:2)
  An ettin (D:15)
  3 ogre magi
  5 hydras
  3 anacondas
  A catoblepas (D:15)
  4 vault guards (D:13)
  4 centaur warriors
  2 ironbound frosthearts (IceCv)
  2 boulder beetles
  15 two-headed ogres
  11 death yaks
  3 tengu warriors
  2 naga sharpshooters (Snake:1)
  A naga warrior (Snake:1)
  Urug (Lair:2)
  3 shock serpents (Snake:1)
  Lodul (D:12)
  3 sea snakes (Snake:1)
  2 deep trolls (Orc:2)
  2 wizards (D:15)
  3 naga ritualists (Snake:1)
  An orc knight (D:15)
  A deep elf pyromancer (D:14)
  5 mana vipers
  12 cyclopes
  3 manticores
  An orc sorcerer (D:15)
  15 ugly things
  2 oklob plants (Lair:4)
  A salamander (Snake:1)
  14 elephants
  An ice statue (IceCv)
  2 naga magi (Snake:1)
  21 black mambas
  A gargoyle (D:12)
  A torpor snail (Lair:1)
  2 rime drakes (Lair:2)
  8 cane toads
  4 yaktaurs (D:14)
  2 kobold demonologists (D:12)
  12 komodo dragons
  2 ice devils (Lair:4)
  An unseen horror (D:11)
  2 efreet
  13 trolls
  5 hornets
  14 polar bears
  A meliai (shapeshifter) (D:13)
  3 meliai (D:15)
  3 dream sheep (Lair:5)
  21 blink frogs
  A shadow (D:15)
  Sigmund (D:2)
  7 slime creatures (D:13)
  A culicivora (shapeshifter) (D:15)
  14 spriggans (Lair:5)
  2 wraiths
  2 wyverns
  2 water elementals (D:13)
  70 yaks
  6 basilisks
  6 vampire mosquitoes
  Menkaure (D:7)
  2 wargs (Orc:1)
  2 acid dragons
  8 nagas
  Edmund (D:4)
  12 water moccasins
  2 sky beasts
  5 ice beasts
  5 black bears
  30 orc warriors
  33 ogres
  6 boggarts
  31 wolves
  9 centaurs
  A phantom (D:6)
  Blork the orc (D:6)
  6 kobold brigands
  A gnoll sergeant (D:9)
  9 bullfrogs
  2 scorpions
  2 water moccasin zombies (Ossuary)
  3 wights (D:8)
  14 killer bees
  5 howler monkeys
  13 jellies
  7 electric eels
  4 crimson imps (D:15)
  4 bullfrog zombies (Ossuary)
  3 centaur zombies (Ossuary)
  4 hounds
  14 orc priests
  A gnoll bouda (D:10)
  16 mummies (Ossuary)
  Jessica (D:3)
  Ijyb (D:3)
  Terence (D:3)
  Natasha (thrice) (D:2)
  3 iguanas
  12 orc wizards
  A killer bee zombie (Ossuary)
  3 howler monkey zombies (Ossuary)
  Robin (D:2)
  5 gnolls (D:9)
  3 adders
  5 white imps
  2 ufetubi (D:5)
  4 dart slugs
  90 orcs
  4 ball pythons
  2 bats (D:1)
  7 endoplasms
  7 giant cockroaches
  19 goblins
  7 hobgoblins
  2 jackals (Sewer)
  26 kobolds
  7 quokkas
  2 frilled lizards
  An orc zombie (D:5)
  3 rats (D:1)
841 creatures vanquished.

Vanquished Creatures (others)
  20 fungi
  114 plants
  4 withered plants (Ossuary)
138 creatures vanquished.

Grand Total: 979 creatures vanquished

Table legend:
 A = Non-vault XP
 B = Vault XP
 C = Vault XP percentage of total XP
 D = Non-vault monster count
 E = Vault monster count
 F = Vault count percentage of total count
                 A         B        C        D         E       F
            +---------+---------+-------+---------+---------+-------
      Total |  111576 |   71771 |  39.1 |     484 |     357 |  42.4
            +---------+---------+-------+---------+---------+-------
        D:1 |      40 |       0 |   0.0 |      21 |       0 |   0.0
        D:2 |     103 |     306 |  74.8 |      14 |      17 |  54.8
        D:3 |      94 |     109 |  53.7 |      14 |       3 |  17.6
        D:4 |     136 |     147 |  51.9 |       8 |       1 |  11.1
        D:5 |    1765 |      13 |   0.7 |      19 |       7 |  26.9
        D:6 |     730 |      96 |  11.6 |      17 |       1 |   5.6
        D:7 |    1504 |     169 |  10.1 |      17 |       1 |   5.6
        D:8 |    2471 |       0 |   0.0 |      23 |       0 |   0.0
        D:9 |    1458 |       0 |   0.0 |      36 |       0 |   0.0
       D:10 |    1056 |    2747 |  72.2 |      13 |      36 |  73.5
       D:11 |    3140 |    1216 |  27.9 |      13 |      26 |  66.7
       D:12 |    3671 |    1849 |  33.5 |      14 |      10 |  41.7
       D:13 |    7526 |    8141 |  52.0 |      22 |      21 |  48.8
       D:14 |    7611 |       0 |   0.0 |      21 |       0 |   0.0
       D:15 |   13487 |    4828 |  26.4 |      29 |      11 |  27.5
     Lair:1 |    6354 |       0 |   0.0 |      24 |       0 |   0.0
     Lair:2 |    7199 |    1347 |  15.8 |      23 |       3 |  11.5
     Lair:3 |   14585 |    3139 |  17.7 |      40 |      15 |  27.3
     Lair:4 |    5573 |    3314 |  37.3 |      18 |      17 |  48.6
     Lair:5 |    9341 |    8646 |  48.1 |      22 |      49 |  69.0
    Snake:1 |   20965 |    1162 |   5.3 |      40 |       1 |   2.4
      Orc:1 |    1612 |      18 |   1.1 |      16 |       6 |  27.3
      Orc:2 |    1155 |   19625 |  94.4 |      20 |      52 |  72.2
      Sewer |       0 |     151 | 100.0 |       0 |       3 | 100.0
    Ossuary |       0 |     976 | 100.0 |       0 |      29 | 100.0
      IceCv |       0 |   13772 | 100.0 |       0 |      48 | 100.0
            +---------+---------+-------+---------+---------+-------

Illustrated notes

Table legend:
 A = Kills in this place as a percentage of kills in entire the game.
 B = Kills by you in this place as a percentage of kills by you in the entire game.
 C = Kills by friends in this place as a percentage of kills by friends in the entire game.
 D = Other kills in this place as a percentage of other kills in the entire game.
 E = Experience gained in this place as a percentage of experience gained in the entire game.
 F = Experience gained in this place divided by the number of levels of this place that you have seen.
                   A       B       C       D       E      F
               +-------+-------+-------+-------+-------+----------------------
         Total | 100.0 | 100.0 |   N/A |   N/A | 100.0 | 6790.6
       Dungeon |  49.3 |  49.3 |   N/A |   N/A |  35.1 | 4294.2
          Lair |  25.1 |  25.1 |   N/A |   N/A |  32.5 | 11899.6
     Snake Pit |   4.9 |   4.9 |   N/A |   N/A |  12.1 | 22127.0
  Orcish Mines |  11.2 |  11.2 |   N/A |   N/A |  12.2 | 11205.0
         Sewer |   0.4 |   0.4 |   N/A |   N/A |   0.1 | 151.0
       Ossuary |   3.4 |   3.4 |   N/A |   N/A |   0.5 | 976.0
      Ice Cave |   5.7 |   5.7 |   N/A |   N/A |   7.5 | 13772.0
               +-------+-------+-------+-------+-------+----------------------

Table legend: (Time is in decaauts)
 A = Elapsed time spent in this place.
 B = Non-inter-level travel time spent in this place.
 C = Inter-level travel time spent in this place.
 D = Time resting spent in this place.
 E = Time spent auto-exploring this place.
 F = Levels seen in this place.
 G = Mean time per level.
                   A        B        C        D        E       F      G
               +--------+--------+--------+--------+--------+-----+--------+
         Total |  26837 |  24992 |   1845 |   1273 |  18330 |  27 |  994.0 |
       Dungeon |  16881 |  15668 |   1213 |    679 |  12135 |  15 | 1125.4 |
        Temple |    130 |     92 |     38 |      0 |     78 |   1 |  130.0 |
          Lair |   6651 |   6190 |    461 |    463 |   4312 |   5 | 1330.2 |
     Snake Pit |    425 |    411 |     14 |     19 |    166 |   1 |  425.0 |
  Orcish Mines |   1277 |   1160 |    117 |      2 |    859 |   2 |  638.5 |
         Sewer |    212 |    212 |      0 |      0 |    158 |   1 |  212.0 |
       Ossuary |    237 |    237 |      0 |      0 |      0 |   1 |  237.0 |
      Ice Cave |   1020 |   1020 |      0 |    110 |    621 |   1 | 1020.0 |
               +--------+--------+--------+--------+--------+-----+--------+

Top non-repeatable levels by time:
     D:2: 2114 daAuts
     D:7: 1712 daAuts
  Lair:3: 1655 daAuts
    D:13: 1494 daAuts
     D:3: 1365 daAuts
  Lair:1: 1340 daAuts
  Lair:5: 1321 daAuts
  Lair:2: 1244 daAuts
    D:15: 1186 daAuts
  Lair:4: 1089 daAuts
     D:5: 1065 daAuts
    D:11: 1060 daAuts
   IceCv: 1020 daAuts
    D:10: 1012 daAuts
     D:9: 957 daAuts
